[Event "ICC Open 2015"]
[Site "Internet Chess Club"]
[Date "2015.05.29"]
[Round "2"]
[White "WayTooRighteous"]
[Black "garompon"]
[Result "0-1"]
[ICCResult "White resigns"]
[WhiteElo "1905"]
[BlackElo "2559"]
[Opening "Trompowsky attack (Ruth, Opocenský opening)"]
[ECO "A45"]
[NIC "QP.07"]
[Time "19:13:21"]
[TimeControl "180+0"]

1. d4 Nf6 2. Bg5 d5 3. Nd2 e6 4. Ngf3 Be7 5. e3 O-O 6. c3 b6 7. Ne5 Bb7 8.
Bd3 Nbd7 9. f4 Ne4 10. Bxe4 dxe4 11. Bxe7 Qxe7 12. Nxd7 Qxd7 13. O-O Rad8
14. Qe2 c5 15. Rac1 cxd4 16. cxd4 Bd5 17. Nc4 f6 18. a3 Rc8 19. b3 Qb5 20.
Qc2 Rc6 21. Qa2 Qa6 22. Nd2 Qe2 23. Rxc6 Qxe3+ 24. Kh1 Bxc6 25. Nc4 Qxd4 26.
Qe2 Bb5 27. Rd1 Qc3 28. Qxe4 Qxb3 29. Qxe6+ Kh8 30. Qd6 Re8 31. h3 Qxc4 32.
Qd2 h6 33. f5 Bc6 34. Re1 Rxe1+ 35. Qxe1 Qe4 36. Qg3 Qxf5 37. Qb8+ Kh7 38.
Qc7 Qf1+ {White resigns} 0-1

[Event "ICC Open 2015"]
[Site "Internet Chess Club"]
[Date "2015.05.29"]
[Round "2"]
[White "MWeston"]
[Black "Peter-Patzer"]
[Result "1-0"]
[ICCResult "Black resigns"]
[WhiteElo "2720"]
[BlackElo "2100"]
[Opening "Nimzovich-Larsen attack: modern variation"]
[ECO "A01"]
[NIC "VO.08"]
[Time "19:13:48"]
[TimeControl "180+0"]

1. b3 e5 2. Bb2 Nc6 3. e3 Nf6 4. Bb5 Bd6 5. Na3 e4 6. Nc4 Be7 7. Ne5 Nxe5 8.
Bxe5 O-O 9. f4 d6 10. Bb2 d5 11. Nh3 Bxh3 12. gxh3 Nd7 13. Bxd7 Bh4+ 14. Kf1
Qxd7 15. Qg4 Qxg4 16. hxg4 Be7 17. Kg2 f5 18. g5 Kf7 19. h4 c5 20. Be5 Rfd8
21. h5 Bd6 22. Bb2 d4 23. Kg3 Bc7 24. Rad1 Rd7 25. c3 dxe3 26. dxe3 Rad8 27.
Rxd7+ Rxd7 28. c4 Rd2 29. Rh2 Rxh2 30. Kxh2 g6 31. h6 Ke6 32. Ba3 Kd6 33.
Kg3 Ba5 34. Kf2 Kc6 35. Bb2 b5 36. Ke2 Bc7 37. Kd2 Kb6 38. cxb5 Kxb5 39. Kc3
Ba5+ 40. Kc2 c4 41. a4+ Kc5 42. Bd4+ Kd5 43. Bxa7 cxb3+ 44. Kxb3 Bd2 45. Bd4
Be1 46. Bc3 Bf2 47. Bd2 Kc5 48. Kc3 Bg3 49. a5 Kb5 50. Kd4 Bf2 51. Ke5 Bxe3
52. Bxe3 Kxa5 53. Kf6 {Black resigns} 1-0

[Event "ICC Open 2015"]
[Site "Internet Chess Club"]
[Date "2015.05.29"]
[Round "2"]
[White "BigSerge"]
[Black "Shafkat"]
[Result "1-0"]
[ICCResult "Black forfeits on time"]
[WhiteElo "1950"]
[BlackElo "1620"]
[Opening "KGA: Allgaier gambit"]
[ECO "C39"]
[NIC "KG.01"]
[Time "19:12:43"]
[TimeControl "180+0"]

1. e4 e5 2. f4 exf4 3. Nf3 g5 4. h4 g4 5. Ng5 f6 6. Nh3 gxh3 7. Qh5+ Ke7 8.
Nc3 c6 9. e5 Qe8 10. exf6+ Nxf6 11. Qg5 Rg8 12. Qxf4 Kd8+ 13. Be2 Qg6 14.
Rxh3 d5 15. Rf3 Nbd7 16. d4 Qxg2 17. Be3 Ng4 18. O-O-O Nxe3 19. Rxe3 Bb4 20.
Bd3 Bxc3 21. bxc3 Nf8 22. Qf6+ Kc7 23. Rde1 Bd7 24. Qe5+ Kb6 25. Qd6 a5 26.
Qc5+ Kc7 27. c4 dxc4 28. Bxc4 b6 29. Qe5+ Kc8 30. Bxg8 {Black forfeits on
time} 1-0

[Event "ICC Open 2015"]
[Site "Internet Chess Club"]
[Date "2015.05.29"]
[Round "2"]
[White "ChessNakas"]
[Black "HuevosDeLeon"]
[Result "1-0"]
[ICCResult "Black checkmated"]
[WhiteElo "2120"]
[BlackElo "2673"]
[Opening "Alekhine's defense: modern, Larsen variation"]
[ECO "B04"]
[NIC "AL.05"]
[Time "19:13:30"]
[TimeControl "180+0"]

1. e4 Nf6 2. e5 Nd5 3. d4 d6 4. Nf3 dxe5 5. Nxe5 c6 6. Be2 Bf5 7. O-O Nd7 8.
Nf3 e6 9. c4 N5f6 10. Nc3 Ne4 11. Nxe4 Bxe4 12. Bf4 Be7 13. Re1 O-O 14. Qd2
Qb6 15. b3 Bg6 16. Rad1 a5 17. Ne5 Nxe5 18. dxe5 Bb4 19. Qe3 Qxe3 20. Bxe3
Bxe1 21. Rxe1 a4 22. b4 a3 23. Bc5 Rfd8 24. Bd6 f6 25. f4 Kf7 26. c5 Ra4 27.
b5 Rxf4 28. exf6 Rxf6 29. bxc6 bxc6 30. Bf3 Rc8 31. Re3 Ra8 32. Bxc6 Ra7 33.
Bf3 Ra6 34. c6 Ke8 35. c7 Kd7 36. Bb7 Rc6 37. Bxc6+ Kc8 38. Rxa3 Bd3 39.
Ra8# {Black checkmated} 1-0

[Event "ICC Open 2015"]
[Site "Internet Chess Club"]
[Date "2015.05.29"]
[Round "2"]
[White "Irenaeus"]
[Black "RLH2"]
[Result "0-1"]
[ICCResult "White resigns"]
[WhiteElo "1809"]
[BlackElo "2877"]
[Opening "Robatsch (modern) defense"]
[ECO "B06"]
[NIC "KF.05"]
[Time "19:13:28"]
[TimeControl "180+0"]

1. e4 g6 2. d4 Bg7 3. Nc3 d6 4. Be3 Nf6 5. f3 O-O 6. Qd2 e5 7. dxe5 dxe5 8.
Qxd8 Rxd8 9. Bd3 Nc6 10. O-O-O Be6 11. Nge2 Nb4 12. Kb1 c6 13. a3 Nxd3 14.
Rxd3 Rxd3 15. cxd3 Nd7 16. Kc2 a5 17. d4 a4 18. d5 cxd5 19. Nxd5 Bxd5 20.
exd5 f5 21. Rc1 Nf6 22. Nc3 Bf8 23. Rd1 Kf7 24. Kb1 Ra5 25. Bb6 Ra6 26. Bf2
g5 27. h3 Bd6 28. g4 fxg4 29. hxg4 h5 30. Be3 hxg4 31. fxg4 Kg6 32. Rg1 Ra5
33. Bb6 Ra6 34. Bd8 Nd7 35. Ne4 Nc5 36. Nxg5 Ra8 37. Ne6 Nxe6 38. dxe6 Rxd8
39. Rd1 Be7 {White resigns} 0-1

[Event "ICC Open 2015"]
[Site "Internet Chess Club"]
[Date "2015.05.29"]
[Round "2"]
[White "ClockWatcher"]
[Black "tristanfran"]
[Result "0-1"]
[ICCResult "White forfeits on time"]
[WhiteElo "1832"]
[BlackElo "1812"]
[Opening "Sicilian: Taimanov variation"]
[ECO "B45"]
[NIC "SI.39"]
[Time "19:12:52"]
[TimeControl "180+0"]

1. e4 c5 2. Nf3 Nc6 3. d4 cxd4 4. Nxd4 e6 5. Nc3 Bb4 6. Nxc6 bxc6 7. Bd2 d5
8. exd5 cxd5 9. Bd3 Nf6 10. a3 Be7 11. O-O O-O 12. h3 Bb7 13. Re1 a6 14. Qe2
Qb6 15. b3 Qc6 16. Rad1 Rac8 17. f3 Bxa3 18. Nb1 Bd6 19. Bg5 Nd7 20. c4 Bc5+
21. Kh1 dxc4 22. Bxc4 a5 23. Nc3 Nb6 24. Bd3 Bb4 25. Rc1 Bxc3 26. Bd2 Nd5
27. Be4 Ba6 28. Bxd5 Bxe2 29. Bxc6 Bxd2 30. Rxe2 Bxc1 31. Be4 Ba3 32. g3 Bb4
33. Kg2 Rc7 34. h4 Rfc8 35. Kh3 g6 36. h5 Rc3 37. h6 Rxb3 38. g4 f5 39. gxf5
gxf5 40. Bb7 Re8 41. Ba6 Kf7 42. Bc4 Rc3 43. Ba2 Kf6 44. Kh4 Rg8 45. Kh5
Rxf3 46. Kh4 Rf1 47. Rh2 Rfg1 48. Bxe6 Kxe6 49. Re2+ Kf6 50. Rh2 Be1+ 51.
Kh3 R8g4 {White forfeits on time} 0-1

[Event "ICC Open 2015"]
[Site "Internet Chess Club"]
[Date "2015.05.29"]
[Round "2"]
[White "Willy809"]
[Black "olimpus"]
[Result "0-1"]
[ICCResult "White forfeits on time"]
[WhiteElo "1697"]
[BlackElo "2737"]
[Opening "Robatsch (modern) defense"]
[ECO "A40"]
[NIC "QO.17"]
[Time "19:13:24"]
[TimeControl "180+0"]

1. d4 g6 2. Nc3 Bg7 3. e4 d6 4. f3 a6 5. Be3 b5 6. a3 Bb7 7. Qd2 Nd7 8. h4
h5 9. Nh3 c5 10. Ng5 cxd4 11. Bxd4 Ngf6 12. O-O-O Rc8 13. Kb1 Qc7 14. g3 Nb6
15. Bh3 Nc4 16. Qe2 Rb8 17. Be6 O-O 18. Nxf7 Rxf7 19. g4 Bc8 20. Bxf7+ Kxf7
21. g5 Nd7 22. Nd5 Qd8 23. f4 Bxd4 24. Rxd4 Bb7 25. Re1 Kg7 26. Ka2 Nc5 27.
f5 Bxd5 28. exd5 Ne5 29. fxg6 Qd7 30. Qxh5 Rh8 31. Qe2 Qh3 32. Rf4 Rxh4 33.
Rxh4 Qxh4 34. b4 Na4 35. c4 Nc3+ 36. Kb2 Nxe2 37. Rxe2 Qxc4 38. Rc2 Nd3+ 39.
Kb1 Qb3+ 40. Ka1 Qxc2 {White forfeits on time} 0-1

[Event "ICC Open 2015"]
[Site "Internet Chess Club"]
[Date "2015.05.29"]
[Round "2"]
[White "delerio"]
[Black "brauliocuarta"]
[Result "0-1"]
[ICCResult "White checkmated"]
[WhiteElo "2628"]
[BlackElo "2127"]
[Opening "Benkö gambit half accepted"]
[ECO "A57"]
[NIC "BI.45"]
[Time "19:13:13"]
[TimeControl "180+0"]

1. d4 Nf6 2. c4 c5 3. d5 b5 4. cxb5 a6 5. f3 e6 6. e4 c4 7. Bxc4 axb5 8.
Bxb5 Qb6 9. Nc3 Bc5 10. Nh3 O-O 11. Qe2 exd5 12. e5 Re8 13. Nf2 d4 14. Na4
Rxa4 15. Bxa4 Qb4+ 16. Bd2 Qxa4 17. O-O Ba6 18. Nd3 Bb6 19. Rfd1 d6 20. f4
Qc2 21. Qf2 Ne4 22. Qf3 Bxd3 23. Rac1 Be2 24. Qxe2 d3+ 25. Kh1 dxe2 26. Re1
Qxd2 27. h3 Nf2+ 28. Kh2 Qxf4+ 29. g3 Qf3 30. Rc2 Nd3 31. Rexe2 Qf1 32. Rg2
Ne1 33. Rcf2 Bxf2 34. h4 Qxg2# {White checkmated} 0-1

[Event "ICC Open 2015"]
[Site "Internet Chess Club"]
[Date "2015.05.29"]
[Round "2"]
[White "dietcoke"]
[Black "NAS"]
[Result "0-1"]
[ICCResult "White forfeits on time"]
[WhiteElo "2172"]
[BlackElo "1711"]
[Opening "Sicilian: Najdorf variation"]
[ECO "B98"]
[NIC "SI.09"]
[Time "19:13:00"]
[TimeControl "180+0"]

1. e4 c5 2. Nf3 d6 3. d4 cxd4 4. Nxd4 Nf6 5. Nc3 a6 6. Bg5 e6 7. f4 Be7 8.
Qf3 Qc7 9. O-O-O Bd7 10. Bd3 Nc6 11. Nxc6 Bxc6 12. Rhe1 O-O 13. Qh3 e5 14.
Bxf6 Bxf6 15. Nd5 Bxd5 16. exd5 g6 17. f5 Rac8 18. Kb1 Qb6 19. Be4 Rc4 20.
Qf3 Qc7 21. h4 Bxh4 22. Rh1 Bg5 23. f6 Qd8 24. Qh3 h6 25. Bd3 Rh4 26. Qf3
Rxh1 27. Rxh1 Kh7 28. Rf1 Qc7 29. g4 Rc8 30. Qe4 b5 31. a3 Qc5 32. Rh1 a5
33. Qf3 b4 34. a4 b3 35. c3 Qe3 36. Qxe3 Bxe3 37. Re1 Bg5 38. Rf1 Rc5 39.
Be4 Rc4 40. Bf3 Rxa4 41. Bd1 Rf4 42. Re1 Rc4 43. Bxb3 Rc5 44. Bc2 Rc7 45.
Re2 Bf4 46. Re1 Bg5 47. Rf1 Rc5 48. b3 Rxd5 49. c4 Rd4 50. Kb2 Rf4 51. Kc3
Rxf1 52. Bd3 Rf2 53. Be4 Rf4 54. Bd3 Rf3 55. Kc2 Rxd3 56. Kxd3 Bf4 57. Kc3
g5 58. c5 Kg8 59. c6 d5 60. c7 e4 61. Kc2 Bxc7 62. Kd1 Bd6 63. Ke2 Bb4 64.
Ke3 Kf8 65. Ke2 Ke8 66. Kf1 Kd8 67. Ke2 Kd7 68. Kf1 Kd6 69. Ke2 Kc5 70. Kf1
d4 71. Ke2 d3+ 72. Kf1 Kd4 {White forfeits on time} 0-1

[Event "ICC Open 2015"]
[Site "Internet Chess Club"]
[Date "2015.05.29"]
[Round "2"]
[White "Uwak"]
[Black "BonifaceVIII"]
[Result "1/2-1/2"]
[ICCResult "Game drawn by mutual agreement"]
[WhiteElo "2501"]
[BlackElo "2158"]
[Opening "Réti opening"]
[ECO "A11"]
[NIC "RE.07"]
[Time "19:13:15"]
[TimeControl "180+0"]

1. Nf3 d5 2. c4 c6 3. g3 Bg4 4. cxd5 Bxf3 5. exf3 cxd5 6. d4 e6 7. Nc3 Nc6
8. Bg2 Nf6 9. O-O Be7 10. Be3 O-O 11. Rc1 Qb6 12. Na4 Qa5 13. a3 Rac8 14. b4
Qd8 15. Nc5 Rc7 16. Qd2 a6 17. Nxb7 Qb8 18. Nc5 Bxc5 19. Rxc5 e5 20. Rfc1
Rfc8 21. dxe5 Nxe5 22. Bf4 Rxc5 23. Rxc5 Rxc5 24. bxc5 Qb1+ 25. Qc1 Qxc1+
26. Bxc1 Nc6 27. Bf1 Nd7 28. Bxa6 Nxc5 29. Be2 Nd4 30. Bd1 Nc6 31. Kf1 d4
32. Ke2 f5 33. Bb2 g6 34. Kd2 Kf7 35. a4 Ke6 36. Ba3 Kd5 37. Bc2 Kc4 38. h4
Nb3+ 39. Ke2 Nc5 40. Bxc5 Kxc5 41. Bb3 h6 42. Bf7 g5 43. hxg5 hxg5 44. Be6
f4 45. Bf5 Ne5 46. Be4 Kb4 47. Kd2 Kxa4 48. gxf4 gxf4 49. Bd5 Kb4 50. Be4
Kc4 {Game drawn by mutual agreement} 1/2-1/2

[Event "ICC Open 2015"]
[Site "Internet Chess Club"]
[Date "2015.05.29"]
[Round "2"]
[White "bythebook"]
[Black "bennywins"]
[Result "1-0"]
[ICCResult "Black forfeits on time"]
[WhiteElo "1716"]
[BlackElo "1132"]
[Opening "Sicilian: Nimzovich-Rossolimo attack (without ...d6)"]
[ECO "B30"]
[NIC "SI.31"]
[Time "19:13:18"]
[TimeControl "180+0"]

1. e4 c5 2. Nf3 Nc6 3. Bb5 a6 4. Bxc6 bxc6 5. O-O d5 6. e5 e6 7. d3 Bb7 8.
Be3 d4 9. Bf4 Ne7 10. Nbd2 Nd5 11. Bg3 Be7 12. Ne4 O-O 13. Qd2 h6 14. h4 f5
15. exf6 Bxf6 16. Nxf6+ Qxf6 17. Bd6 Rf7 18. Bxc5 Re8 19. Bxd4 e5 20. Be3
Nf4 21. Bxf4 exf4 22. d4 c5 23. d5 Qxb2 24. Rfb1 Qf6 25. c4 Rfe7 26. Re1
Rxe1+ 27. Rxe1 Rxe1+ 28. Qxe1 Qb2 29. Qe6+ Kh7 30. Qf5+ Kh8 31. Qd7 Qb1+ 32.
Kh2 a5 33. Ne5 Qe4 34. Nf7+ Kg8 35. Qxb7 Qxc4 36. Ne5 {Black forfeits on
time} 1-0

[Event "ICC Open 2015"]
[Site "Internet Chess Club"]
[Date "2015.05.29"]
[Round "2"]
[White "Anneay"]
[Black "Gan-Od"]
[Result "0-1"]
[ICCResult "White forfeits on time"]
[WhiteElo "2521"]
[BlackElo "2132"]
[Opening "Caro-Kann: Bronstein-Larsen variation"]
[ECO "B16"]
[NIC "CK.07"]
[Time "19:12:32"]
[TimeControl "180+0"]

1. e4 c6 2. d4 d5 3. Nd2 dxe4 4. Nxe4 Nf6 5. Nxf6+ gxf6 6. c3 h5 7. Bd3 h4
8. h3 Nd7 9. Nf3 Nb6 10. Bf4 Be6 11. Qe2 Qd7 12. b3 Bf5 13. O-O-O Nd5 14.
Bd2 a5 15. Kc2 Qe6 16. Qxe6 fxe6 17. Rhe1 Kf7 18. a3 Bh6 19. c4 Nf4 20. Bxf4
Bxf4 21. Kc3 Rag8 22. Bf1 Bd6 23. b4 axb4+ 24. axb4 Ra8 25. Ra1 Rab8 26. c5
Bc7 27. Ra7 Ke8 28. b5 cxb5 29. Bxb5+ Kd8 30. Bc4 Kd7 31. Bb5+ Kd8 32. Rea1
Be4 33. Be2 e5 34. Rd1 Ke8 35. d5 Kd8 36. Ne1 Bf5 37. Bg4 Bxg4 38. hxg4 h3
39. gxh3 Rxh3+ 40. Rd3 Rh2 41. f3 Re2 42. Nc2 e4 43. fxe4 Rxe4 44. Ne3 Be5+
45. Kc2 Rb4 46. Rb3 Rxb3 47. Kxb3 Rc8 48. Kc4 Bd6 49. Ra5 b6 50. Rb5 bxc5
51. Nf5 Ra8 52. Rb7 Ra4+ 53. Kb5 Rb4+ 54. Kc6 Rxb7 55. Kxb7 c4 56. Ne3 c3
57. Nc2 Kd7 58. Kb6 Be5 59. Kc5 Kc7 60. Ne3 Bf4 61. Nc2 Bg3 62. Kc4 Kd6 63.
Kxc3 Kxd5 64. Kd3 Ke6 65. Ke3 Kf7 66. Kf3 Bd6 67. Ne3 e6 68. Nc4 Be7 69. Nd2
Bf8 70. Ne4 Bh6 71. Nf2 Bg7 72. Nd3 Kg6 73. Nf2 e5 74. Nh3 Bh6 75. Nf2 Bg5
76. Nd3 Bf4 77. Nf2 Bg5 78. Ne4 f5 79. Ng3 f4 80. Ne4 Bh4
{White forfeits on time}
0-1

[Event "ICC Open 2015"]
[Site "Internet Chess Club"]
[Date "2015.05.29"]
[Round "2"]
[White "holderlin"]
[Black "jonesey"]
[Result "0-1"]
[ICCResult "White checkmated"]
[WhiteElo "1611"]
[BlackElo "1938"]
[Opening "Ruy Lopez: exchange variation, Alapin gambit"]
[ECO "C68"]
[NIC "RL.08"]
[Time "19:13:21"]
[TimeControl "180+0"]

1. e4 e5 2. Nf3 Nc6 3. Bb5 a6 4. Bxc6 dxc6 5. O-O Bg4 6. h3 h5 7. d3 Qf6 8.
Nbd2 Bd6 9. Re1 Ne7 10. c3 O-O-O 11. d4 exd4 12. e5 Bxf3 13. Nxf3 Bxe5 14.
Rxe5 dxc3 15. Qa4 cxb2 16. Bxb2 Rd3 17. Rb5 cxb5 18. Bxf6 bxa4 19. Bxe7 Re8
20. Bg5 Re2 21. Be3 Ra3 22. Nd4 Rexa2 23. Rxa2 Rxa2 24. Nf5 g6 25. Ne7+ Kd7
26. Nd5 Ra1+ 27. Kh2 a3 28. Nf6+ Ke6 29. g4 a2 30. g5 Rh1+ 31. Kxh1 a1=Q+
32. Kg2 a5 33. Bf4 a4 34. Ne4 Qe1 35. Nc5+ Kd5 36. Nd3 Qe4+ 37. f3 Qxd3 38.
Kg3 a3 39. h4 a2 40. Bc1 a1=Q 41. Bb2 Qxb2 42. Kh3 Qxf3# {White checkmated}
0-1

[Event "ICC Open 2015"]
[Site "Internet Chess Club"]
[Date "2015.05.29"]
[Round "2"]
[White "ShayCormac"]
[Black "depressnyak"]
[Result "0-1"]
[ICCResult "White resigns"]
[WhiteElo "2440"]
[BlackElo "3240"]
[Opening "Sicilian defense"]
[ECO "B32"]
[NIC "SI.32"]
[Time "19:12:59"]
[TimeControl "180+0"]

1. e4 c5 2. Nf3 Nc6 3. d4 cxd4 4. Nxd4 Qb6 5. Nb3 Nf6 6. Nc3 e6 7. Bd3 a6 8.
O-O Be7 9. Kh1 Qc7 10. f4 d6 11. Qf3 O-O 12. Bd2 b5 13. Rae1 Bb7 14. Qh3 Nb4
15. Nxb5 axb5 16. Bxb4 d5 17. Bxe7 Qxe7 18. exd5 Bxd5 19. a3 b4 20. axb4
Qxb4 21. f5 Bxb3 22. cxb3 e5 23. Bc4 Rfe8 24. Qc3 Qd6 25. Rd1 Qb6 26. h3 h5
27. Rfe1 Rad8 28. Rxd8 Qxd8 29. b4 h4 30. Bb5 Re7 31. Bc6 e4 32. b5 Nh5 33.
Qc5 Ng3+ 34. Kg1 Qd2 35. Qe3 Qc2 36. f6 gxf6 37. Qf4 Ne2+ 38. Rxe2 Qxe2 39.
Qxf6 Qe1+ 40. Kh2 Qg3+ 41. Kg1 Re6 42. Qd8+ Kg7 43. Bd5 Rf6 44. b6 e3 45.
Bc4 Qe1+ 46. Kh2 e2 47. Bxe2 Qxe2 48. b7 Qe5+ 49. Kg1 Qe1+ 50. Kh2 Qg3+ 51.
Kg1 Re6 52. Qd4+ Kg6 53. Qd2 Re1+ 54. Qxe1 Qxe1+ 55. Kh2 Qg3+ 56. Kg1 Qb8
{White resigns}
0-1

[Event "ICC Open 2015"]
[Site "Internet Chess Club"]
[Date "2015.05.29"]
[Round "2"]
[White "brizito"]
[Black "Rotchopf"]
[Result "0-1"]
[ICCResult "White forfeits on time"]
[WhiteElo "1532"]
[BlackElo "1883"]
[Opening "Pirc defense"]
[ECO "B07"]
[NIC "PU.08"]
[Time "19:13:19"]
[TimeControl "180+0"]

1. d4 d6 2. e4 Nf6 3. Nc3 Nc6 4. Nf3 Bg4 5. Bb5 a6 6. Bxc6+ bxc6 7. O-O e6
8. h3 Bh5 9. Qd3 d5 10. Ne5 Qd6 11. Bf4 dxe4 12. Qc4 Nd5 13. Bh2 Nxc3 14.
Qxc3 Qd5 15. Nxc6 Bd6 16. Bxd6 cxd6 17. Na5 O-O 18. Rfe1 Rac8 19. Qd2 e5 20.
c4 Qxd4 21. Qxd4 exd4 22. Rxe4 Rc5 23. b4 d5 24. Rxd4 Rc7 25. Rxd5 Bg6 26.
Rad1 f5 27. b5 axb5 28. cxb5 Rb8 29. Rd8+ Rxd8 30. Rxd8+ Kf7 31. b6 Re7 32.
b7 Rxb7 33. Nxb7 Ke7 34. Rd1 Bf7 35. a4 Bc4 36. a5 Ba6 37. Nc5 Bb5 38. a6
Bxa6 39. Nxa6 Kf6 40. Nc7 h6 41. f4 Kg6 42. Kf2 Kh5 43. Kf3 Kg6 44. Rd6+ Kh7
45. g4 fxg4+ 46. hxg4 Kg8 47. Rg6 Kf7 48. Rd6 Kg8 49. Rd5 Kf7 50. f5 Kf8 51.
Kf4 Kf7 52. Ke5 Kg8 53. Ke6 Kh7 {White forfeits on time} 0-1

[Event "ICC Open 2015"]
[Site "Internet Chess Club"]
[Date "2015.05.29"]
[Round "2"]
[White "FedoseevVl95"]
[Black "chabotheking"]
[Result "1-0"]
[ICCResult "Black checkmated"]
[WhiteElo "3077"]
[BlackElo "2349"]
[Opening "Réti: King's Indian attack"]
[ECO "A05"]
[NIC "QP.11"]
[Time "19:13:32"]
[TimeControl "180+0"]

1. Nf3 Nf6 2. g3 g6 3. c4 Bg7 4. Bg2 O-O 5. O-O d5 6. cxd5 Nxd5 7. Nc3 Nb6
8. d4 Nc6 9. e3 Re8 10. Qe2 e5 11. dxe5 Nxe5 12. Rd1 Qe7 13. Nxe5 Qxe5 14.
Bd2 c6 15. Rac1 h5 16. h3 Qe7 17. b3 Bf5 18. e4 Rad8 19. h4 Bg4 20. f3 Be6
21. Kh2 Be5 22. Bg5 f6 23. Be3 Rxd1 24. Nxd1 Rd8 25. Nf2 Bc7 26. f4 Bf7 27.
e5 fxe5 28. f5 gxf5 29. Bg5 Qe6 30. Bxd8 Bxd8 31. Nd3 Bc7 32. Nc5 Qc8 33.
Bh3 Nd5 34. Rf1 Bg6 35. Qf2 Bb6 36. a3 a5 37. Rc1 Qf8 38. Bg2 f4 39. gxf4
Nxf4 40. b4 axb4 41. axb4 Qe7 42. Qg3 Kh7 43. Bf3 Bd8 44. Rd1 Bf5 45. Be4
Bxe4 46. Rd7 Bf5 47. Rxe7+ Bxe7 48. Nxb7 Ng6 49. Qf3 Be6 50. Qxh5+ Kg7 51.
Nc5 Bd5 52. Qg4 e4 53. h5 Bd6+ 54. Kg1 Bf7 55. hxg6 Bxg6 56. Nxe4 Be5 57.
Ng3 Kf6 58. Qf3+ Ke6 59. Qxc6+ Kf7 60. Ne4 Bd4+ 61. Kg2 Be5 62. Qd5+ Kg7 63.
Qxe5+ Kh6 64. Qf6 Kh5 65. Qg5# {Black checkmated} 1-0

[Event "ICC Open 2015"]
[Site "Internet Chess Club"]
[Date "2015.05.29"]
[Round "2"]
[White "Mardaker"]
[Black "Qualm"]
[Result "1-0"]
[ICCResult "Black forfeits on time"]
[WhiteElo "2758"]
[BlackElo "1694"]
[Opening "Réti: King's Indian attack (Barcza system)"]
[ECO "A07"]
[NIC "QP.09"]
[Time "19:12:58"]
[TimeControl "180+0"]

1. Nf3 d5 2. g3 Nf6 3. Bg2 g6 4. O-O Bg7 5. c4 dxc4 6. Qa4+ c6 7. Qxc4 O-O
8. d3 Be6 9. Qc2 Bd5 10. Nc3 Be6 11. Na4 Na6 12. a3 h6 13. Bd2 Qd7 14. Rfd1
Bh3 15. Bh1 Rac8 16. Rac1 Rfd8 17. Nc5 Nxc5 18. Qxc5 a6 19. Ba5 Re8 20. Rc4
Qd6 21. b4 Nd5 22. Bb6 Nxb6 23. Qxb6 Rc7 24. Rdc1 Rd7 25. a4 Be6 26. R4c2
Bb3 27. Rd2 Bxa4 28. d4 Bb5 29. e4 Qc7 30. Qxc7 Rxc7 31. e5 e6 32. Ne1 Rd7
33. Rcd1 Red8 34. f4 h5 35. Nc2 Bf8 36. Ra1 Ra8 37. Bf3 Ra7 38. Kf2 Rd8 39.
Ke3 Be7 40. Rdd1 Kf8 41. Rdb1 Ke8 42. Na3 Rda8 43. Be4 Kd7 44. h3 Kc7 45. h4
Bf8 46. Rb2 Be7 47. Rc1 Kd8 48. Nc4 Rb8 49. Na5 Kd7 50. Rc5 Bxc5 51. dxc5
Ke7 52. Rd2 {Black forfeits on time} 1-0

[Event "ICC Open 2015"]
[Site "Internet Chess Club"]
[Date "2015.05.29"]
[Round "2"]
[White "jorgeearroyo"]
[Black "rynos0411"]
[Result "1-0"]
[ICCResult "Black forfeits on time"]
[WhiteElo "1223"]
[BlackElo "1673"]
[Opening "Giuoco Piano"]
[ECO "C50"]
[NIC "IG.02"]
[Time "19:13:19"]
[TimeControl "180+0"]

1. e4 e5 2. Bc4 Bc5 3. Nf3 Nc6 4. Nc3 d6 5. d3 Bg4 6. Bg5 Qd7 7. h3 Bxf3 8.
Qxf3 Nd4 9. Qd1 c6 10. O-O Ne7 11. Qh5 O-O 12. Na4 Bb6 13. Nxb6 axb6 14. c3
Ne6 15. f4 exf4 16. Bxe6 fxe6 17. Rxf4 Ng6 18. Rxf8+ Rxf8 19. Rf1 Qe8 20.
Rxf8+ Qxf8 21. Qf3 Qf7 22. Qxf7+ Kxf7 23. g3 {Black forfeits on time} 1-0

[Event "ICC Open 2015"]
[Site "Internet Chess Club"]
[Date "2015.05.29"]
[Round "2"]
[White "Colombiano07"]
[Black "airantrobo"]
[Result "0-1"]
[ICCResult "White resigns"]
[WhiteElo "1854"]
[BlackElo "1551"]
[Opening "Sicilian: Kan, 5.Nc3"]
[ECO "B43"]
[NIC "SI.41"]
[Time "19:16:15"]
[TimeControl "180+0"]

1. e4 c5 2. Nf3 e6 3. d4 cxd4 4. Nxd4 a6 5. Nc3 Qc7 6. Bd3 Nf6 7. O-O b5 8.
f4 Bc5 9. Be3 Bb7 10. e5 Nd5 11. Nxd5 Bxd5 12. Qg4 O-O 13. c3 d6 14. f5 exf5
15. Nxf5 Bxe3+ 16. Nxe3 Be6 17. Qh4 g6 18. exd6 Qxd6 19. Rad1 Qb6 20. Qg3
Nd7 21. Kh1 Nc5 22. Bb1 Rad8 23. Ng4 Bxg4 24. Qxg4 Ne6 25. h4 h5 26. Qg3 b4
27. Rxd8 Rxd8 28. Bxg6 fxg6 29. Qxg6+ Kh8 30. Qxh5+ Kg8 31. Qg6+ Kh8 32. Rf5
Rd1+ 33. Kh2 Qd6+ 34. Kh3 Nf4+ 35. Rxf4 Qxg6 {White resigns} 0-1

[Event "ICC Open 2015"]
[Site "Internet Chess Club"]
[Date "2015.05.29"]
[Round "2"]
[White "seriosha"]
[Black "GAF"]
[Result "1-0"]
[ICCResult "Black resigns"]
[WhiteElo "1898"]
[BlackElo "1989"]
[Opening "French: King's Indian attack"]
[ECO "C00"]
[NIC "FR.02"]
[Time "19:14:54"]
[TimeControl "180+0"]

1. e4 e6 2. d3 d5 3. Qe2 dxe4 4. dxe4 e5 5. Nf3 Nc6 6. c3 Bg4 7. h3 Bh5 8.
Be3 a6 9. Nbd2 Nf6 10. Qc4 Be7 11. Be2 O-O 12. Rd1 Qc8 13. g4 Bg6 14. Nh4
Na5 15. Qa4 Nc6 16. Nf5 b5 17. Nxe7+ Nxe7 18. Qa3 Re8 19. f3 Nd7 20. h4 f6
21. h5 Bf7 22. g5 f5 23. Nb3 fxe4 24. fxe4 Be6 25. Na5 c5 26. Rd6 Bf7 27.
Bg4 Rd8 28. O-O Qc7 29. Rfd1 Nf8 30. Bxc5 Rxd6 31. Bxd6 Qb6+ 32. Bc5 Qc7 33.
Bxe7 Ne6 34. Qd6 Qxd6 35. Rxd6 g6 36. Bxe6 {Black resigns} 1-0

[Event "ICC Open 2015"]
[Site "Internet Chess Club"]
[Date "2015.05.29"]
[Round "2"]
[White "BlackHorse96"]
[Black "LMLLM"]
[Result "1-0"]
[ICCResult "Black forfeits on time"]
[WhiteElo "3341"]
[BlackElo "2450"]
[Opening "Modern defense"]
[ECO "A40"]
[NIC "QO.17"]
[Time "19:13:25"]
[TimeControl "180+0"]

1. d4 g6 2. Nc3 Bg7 3. Bf4 d6 4. Qd2 Nd7 5. O-O-O e5 6. dxe5 dxe5 7. Bg3 Ne7
8. Nf3 Nc6 9. h4 h6 10. e4 O-O 11. Nd5 Nb6 12. h5 g5 13. Nxb6 axb6 14. Qxd8
Rxd8 15. Rxd8+ Nxd8 16. a3 f6 17. Bc4+ Be6 18. Bxe6+ Nxe6 19. Rd1 Rd8 20.
Rxd8+ Nxd8 21. Nd2 Ne6 22. f3 Bf8 23. c3 Bc5 24. Kc2 Be3 25. Nc4 Bg1 26. a4
Ng7 27. Be1 Nxh5 28. g3 Kf7 29. Kd3 Ke6 30. Ke2 Bc5 31. b4 Be7 32. Bf2 Ng7
33. a5 b5 34. Na3 c6 35. Kd3 Ne8 36. g4 Ng7 37. Be1 h5 38. gxh5 Nxh5 39. c4
Nf4+ 40. Kc2 bxc4 41. Nxc4 Bd8 42. Ne3 Be7 43. Kb3 Bf8 44. Kc4 Kd7 45. b5
Ne6 46. bxc6+ Kxc6 47. Bc3 Nd4 48. Bxd4 exd4 49. Nd5 Bg7 50. Ne7+ Kd6 51.
Nf5+ Ke5 52. Nxg7 Kf4 53. Ne6+ Kxf3 54. Nxg5+ fxg5 55. e5 g4 56. e6 g3 57.
e7 g2 58. e8=Q g1=Q 59. Qf7+ Ke2 60. Qxb7 d3 61. Qe4+ Qe3 62. Qg2+ Ke1 63.
Qh1+ Kf2 64. Qh2+ Kf1 65. Qh1+ Kf2 66. Qh4+ Kf1 67. Qf6+ Ke2 68. Qb2+ d2 69.
a6 Qe4+ 70. Kb5 Ke1 71. Qc3 Qd5+ 72. Kb6 Qd6+ 73. Ka5 Qd5+ 74. Kb4 Qd6+ 75.
Kb5 Qd5+ 76. Ka4 Qd6 77. Qe3+ Kd1 78. Qb3+ Kc1 79. Qc3+ Kb1 80. Qb3+ Kc1 81.
Qc4+ Kb1 82. Qe4+ Kc1 83. Qc4+ Kb1 84. Qb5+ Kc1 85. Qg5 Kb1 86. Qf5+ Kc1 87.
Qg5 Kb1 88. Qb5+ Kc1 89. Ka5 d1=Q 90. Qc4+ Kb2 91. Qb5+ Ka3 92. Qb2+ Kxb2
93. a7 Q1d5+ 94. Ka4 Qc7 95. a8=Q {Black forfeits on time} 1-0